AoeStats
← 林逸

Arabia

503149201Analyzed
4v4 RM · 2mo ago on Aug 30, 2026· 84m 0s· 8 players
Game mode
Random Map
Map size
Large (8 player)
Population
200
Speed
Normal
Resources
Standard
Victory
Conquest
Starting age
Dark Age
Ending age
Imperial Age
RankedLock teamsTeams togetherTeam positionsShared explorationLock speedFull tech treeHidden civsTurbo modeCheats
Victory
Defeat
🇨🇳 Britons · China
684
+15
🇹🇷 Franks · Türkiye
673
+15
🇭🇰 Spanish · Hong Kong SAR China
623
+18
🇳🇱 Vikings · Netherlands
611
+18
vs
🇹🇷 Italians · Türkiye
700
-18
🇫🇮 Bengalis · Finland
693
-18
🇹🇷 Poles · Türkiye
632
-15
🇺🇸 Armenians · United States
612
-14
NazgulKing55
1:24 Loom
15:47 Feudal Age
16:16 Town Watch
15:57 Man-at-Arms
16:51 Double-Bit Axe
16:49 Horse Collar
20:48 Gold Mining
21:13 Stone Mining
23:34 Castle Age
23:47 Long Swordsman
24:18 Arson
24:35 Squires
24:21 Gambesons
26:35 Heavy Plow
27:03 Pikeman
33:59 Town Patrol
33:52 Fletching
34:09 Scale Mail Armor
37:09 Gold Shaft Mining
39:04 Light Cavalry
40:30 Bow Saw
40:41 Forging
40:49 Chain Mail Armor
44:52 Imperial Age
44:53 Capped Ram
46:15 Plate Mail Armor
46:21 Iron Casting
47:01 Siege Ram
50:20 Heavy Scorpion
53:56 Two-Man Saw
54:08 Chemistry
53:28 Ballistics
53:06 Bodkin Arrow
60:51 Blast Furnace
60:58 Masonry
67:24 Architecture
66:45 Two-Handed Swordsman
68:13 Champion
oguayd
11:57 Feudal Age
10:13 Loom
13:16 Wheelbarrow
14:49 Double-Bit Axe
16:29 Gold Mining
21:38 Castle Age
21:06 Stone Mining
24:53 Bow Saw
25:00 Light Cavalry
27:57 Gold Shaft Mining
29:06 Hand Cart
28:37 Town Watch
29:26 Pikeman
30:06 Squires
29:52 Arson
33:36 Caravan
34:26 Coinage
35:34 Town Patrol
39:04 Husbandry
39:57 Scale Mail Armor
39:57 Padded Archer Armor
39:48 Fletching
40:08 Forging
40:04 Scale Barding Armor
45:00 Imperial Age
43:03 Leather Archer Armor
46:22 Cavalier
48:29 Conscription
48:31 #83
48:26 Halberdier
51:27 Banking
51:20 Paladin
51:28 Elite Skirmisher
64:44 Chemistry
64:05 Ballistics
63:48 Chivalry
林逸
6:17 Loom
10:54 Feudal Age
12:13 Horse Collar
12:22 Double-Bit Axe
19:48 Castle Age
19:11 Gold Mining
19:12 Stone Mining
21:23 Heavy Plow
24:21 Wheelbarrow
24:50 Fletching
26:20 Pikeman
27:04 Squires
29:55 Hand Cart
29:26 Town Watch
31:00 Bow Saw
31:28 Gold Shaft Mining
31:39 Town Patrol
35:50 Imperial Age
35:31 Forging
35:58 Yeomen
35:55 Fervor
36:06 Sanctity
38:00 Conscription
38:09 Yeomen
37:18 Elite Longbowman
38:37 Treadmill Crane
38:49 Heated Shot
39:22 Ballistics
39:20 Caravan
40:35 Bodkin Arrow
40:42 Padded Archer Armor
41:18 Iron Casting
40:44 Scale Mail Armor
45:50 Coinage
46:41 Warwolf
47:20 Hoardings
52:26 Bracer
52:42 Leather Archer Armor
53:27 Blast Furnace
52:42 Chain Mail Armor
52:34 Scale Barding Armor
56:05 Ring Archer Armor
63:16 Devotion
63:43 Illumination
63:35 Block Printing
63:57 Theocracy
65:52 Halberdier
71:19 Plate Mail Armor
71:13 Chain Barding Armor
74:49 Crossbowman
78:33 Arbalester
81:58 Faith
菜鸡px
14:13 Feudal Age
16:35 Horse Collar
19:08 Castle Age
28:18 Wheelbarrow
27:57 Forging
28:46 Scale Barding Armor
29:00 Heavy Plow
29:28 Double-Bit Axe
35:22 Imperial Age
33:09 Hand Cart
36:49 Iron Casting
36:17 Padded Archer Armor
36:07 Fletching
36:38 Chain Barding Armor
36:23 Husbandry
36:33 Bloodlines
35:44 Cavalier
36:56 Conscription
37:26 Thumb Ring
38:01 Bow Saw
39:34 Chemistry
39:06 Ballistics
39:48 Chemistry
40:37 Paladin
42:59 Blast Furnace
42:35 Plate Barding Armor
43:15 Two-Man Saw
42:39 Stone Mining
43:10 Caravan
43:55 Plate Barding Armor
44:24 Light Cavalry
48:33 Hussar
54:08 Coinage
53:48 Guilds
ApoC
12:22 Feudal Age
13:07 Double-Bit Axe
15:51 Loom
17:16 Stone Mining
21:37 Gold Mining
21:42 Fletching
25:43 Castle Age
23:56 Horse Collar
24:56 Forging
24:47 Scale Mail Armor
24:10 Man-at-Arms
25:21 Scale Barding Armor
25:16 Padded Archer Armor
25:19 Arson
26:06 Town Watch
27:36 Pikeman
28:04 Gambesons
28:21 Squires
28:19 Bodkin Arrow
45:34 Gold Shaft Mining
45:54 Elite Skirmisher
48:52 Caravan
49:21 Ballistics
51:04 Treadmill Crane
56:17 Town Patrol
58:48 Wheelbarrow
65:14 Heavy Plow
73:59 Leather Archer Armor
74:05 Chain Barding Armor
Albatu
12:31 Feudal Age
19:23 Castle Age
17:36 Double-Bit Axe
17:35 Horse Collar
19:11 Padded Archer Armor
20:24 Crossbowman
22:05 Fletching
22:52 Ballistics
22:13 Treadmill Crane
25:18 Stone Mining
25:19 Gold Mining
27:12 Bow Saw
27:04 Heavy Plow
28:55 Fortified Wall
30:02 Thumb Ring
31:14 Wheelbarrow
32:37 Forging
35:24 Stone Shaft Mining
35:06 Hand Cart
34:40 Loom
44:21 Imperial Age
43:22 Leather Archer Armor
43:03 Bodkin Arrow
43:55 Silk Road
43:40 Caravan
44:20 Murder Holes
44:35 Masonry
46:12 Chemistry
45:29 Masonry
46:38 Conscription
46:29 Pirotechnia
46:56 Ring Archer Armor
46:27 Bracer
47:05 Crop Rotation
47:38 Two-Man Saw
47:54 Hoardings
victordelarosac
0:49 Loom
13:57 Feudal Age
14:39 Double-Bit Axe
21:39 Castle Age
20:34 Horse Collar
22:05 Gold Mining
22:51 Stone Mining
27:10 Man-at-Arms
27:10 Pikeman
28:23 Long Swordsman
29:22 Forging
30:46 Heavy Plow
31:50 Bow Saw
33:05 Murder Holes
35:52 Two-Handed Swordsman
40:15 Halberdier
43:22 Fortified Wall
46:59 Imperial Age
47:33 Gold Shaft Mining
48:18 Masonry
49:35 Ballistics
49:05 Heated Shot
50:42 Champion
51:08 Gambesons
51:12 Elite Composite Bowman
52:38 Squires
52:24 Arson
61:52 Onager
68:50 Caravan
69:22 Coinage
69:02 Guilds
69:00 Heavy Scorpion
71:41 Wheelbarrow
70:53 Town Watch
75:58 Cavalier
76:48 Bloodlines
76:39 Husbandry
76:01 Light Cavalry
78:43 Fereters
81:16 Fletching
81:27 Scale Mail Armor
82:03 Iron Casting
pinkmann
13:19 Feudal Age
13:50 Double-Bit Axe
14:03 Horse Collar
16:23 Gold Mining
16:24 Stone Mining
22:18 Castle Age
24:17 Bow Saw
25:49 Stone Shaft Mining
28:31 Caravan
28:46 Heavy Plow
32:08 Scale Barding Armor
32:14 Forging
32:33 Bloodlines
35:50 Imperial Age
39:25 Chain Barding Armor
39:40 Iron Casting
39:44 Wheelbarrow
38:34 Elite Obuch
39:35 Conscription
39:36 Lechitic Legacy
39:22 Szlachta Privileges
39:52 Loom
39:53 Town Watch
40:16 Scale Mail Armor
40:10 Fletching
40:33 Cavalier
41:14 Husbandry
41:39 Hand Cart
42:50 Chain Mail Armor
43:35 Blast Furnace
43:11 Town Patrol
45:08 Plate Mail Armor
44:57 Bodkin Arrow
46:16 Chemistry
45:37 Ballistics
47:48 Bracer
49:41 Bombard Tower
Connection lost

Rejoining the realm…

Still unreachable

The connection could not be restored.

Session expired

The server has moved on; the page needs a fresh start.